 Dungeon Crawl Stone Soup version 0.19.4-9-g45fd643 (webtiles) character file.

19644 MirrMurr the Severer (level 12, -9/113 HPs)
             Began as a Minotaur Fighter on Feb 20, 2017.
             Was a High Priest of Okawaru.
             Mangled by a red devil
             ... wielding a +0 trident of flaming
              (12 damage)
             ... in a volcano.
             The game lasted 00:37:00 (12600 turns).

MirrMurr the Severer (Minotaur Fighter)            Turns: 12600, Time: 00:37:01

Health: -9/113     AC: 19    Str: 28 (31) XL:     12   Next: 38%
Magic:  0/11       EV:  5    Int:  2 (5)  God:    Okawaru [*****.]
Gold:   784        SH: 10    Dex:  9 (10) Spells: 0 memorised, 11 levels left

rFire  . . .     SeeInvis +     a - +1 war axe
rCold  . . .     Gourm    .     v - +0 plate armour
rNeg   . . .     Faith    .     c - +0 shield
rPois  .         Spirit   +     i - +2 hat
rElec  .         Reflect  .     (no cloak)
rCorr  .         Harm     .     y - +0 pair of gloves
MR     +....                    t - +0 pair of boots
Stlth  ..........               n - amulet of guardian spirit
                                G - ring of see invisible
                                r - ring of protection from magic

@: mighty
A: retaliatory headbutt, horns 2
a: Heroism, Finesse, Renounce Religion


You were in a volcano.
You worshipped Okawaru.
Okawaru was extremely pleased with you.
You were not hungry.

You visited 3 branches of the dungeon, and saw 14 of its levels.
You also visited: Volcano.

You collected 784 gold pieces.

Inventory:

Hand Weapons
 a - a +1 war axe (weapon)
 b - a +8 blowgun
 u - a +0 battleaxe
Missiles
 j - 8 javelins of penetration (quivered)
 A - 4 throwing nets
 J - 35 poisoned needles
 N - 7 curare-tipped needles
Armour
 c - a +0 shield (worn)
 i - a +2 hat (worn)
 t - a +0 pair of boots (worn)
 v - a +0 plate armour (worn)
 y - a +0 pair of gloves (worn)
 H - a +1 shield of protection
Jewellery
 n - an amulet of guardian spirit (around neck)
 p - an uncursed ring of flight
 r - a ring of protection from magic (left hand)
 G - a ring of see invisible (right hand)
Wands
 m - a wand of flame (8/48)
 B - a wand of lightning (7/15)
 C - a wand of random effects (14/48)
 O - a wand of lightning (5/15)
Scrolls
 k - 4 scrolls of enchant armour
 o - 4 scrolls of teleportation
 w - 4 scrolls of enchant weapon
 z - 2 scrolls of amnesia
 I - a scroll of fear
Potions
 d - a potion of brilliance
 e - 8 potions of curing
 q - a potion of flight
 E - 2 potions of haste
 L - a potion of cure mutation
 P - 2 potions of might
Miscellaneous
 x - a fan of gales (inert)
 F - a lamp of fire
 K - a box of beasts
Comestibles
 f - 13 bread rations
 g - 8 fruits
 h - a royal jelly
 l - 2 beef jerkies
 s - 12 meat rations
 D - 2 slices of pizza


   Skills:
 + Level 12.8 Fighting
 * Level 16.6 Axes
 - Level 5.2 Throwing
 + Level 10.6 Armour
 - Level 3.6 Shields


You had 11 spell levels left.
You didn't know any spells.

Dungeon Overview and Level Annotations

Branches:
Dungeon (11/15)            Temple (1/1) D:4            Lair (2/6) D:8
 Spider (0/4) Lair:2
  Swamp: Lair:2-4    Shoals: Lair:2-4       Orc: D:9-12

Altars:
Ashenzari
Cheibriados
Dithmenos
Elyvilon
Fedhas
Gozag
Hepliaklqana
Kikubaaqudgha
Makhleb
Nemelex Xobeh
Okawaru
Qazlal
Ru
Sif Muna
Trog
Uskayaw
Vehumet
Xom
Yredelemnul
Zin
The Shining One


Innate Abilities, Weirdness & Mutations

You reflexively headbutt those who attack you in melee.
You have a pair of horns on your head.


Message History

Okawaru accepts your kill.
You barely miss the red ugly thing. You block the red ugly thing's attack.
You slash the red ugly thing! You headbutt the red ugly thing!
The red ugly thing is moderately wounded.
The red devil hits you from afar with a trident of flaming.
* * * LOW HITPOINT WARNING * * *
The red devil burns you.
* * * LOW HITPOINT WARNING * * *
You closely miss the red ugly thing.
Your headbutt misses the red ugly thing.
The red ugly thing is moderately wounded.
You block the red ugly thing's attack.
The red devil hits you but does no damage.
The red ugly thing trunk-slaps you!
* * * LOW HITPOINT WARNING * * *
You are engulfed in flames!!
* * * LOW HITPOINT WARNING * * *
The red devil hops backward while attacking.
The red devil hits you from afar with a trident of flaming!
You die...

... #... ### #...
####..#### #..#
.........## ##..#
§.≈.≈.....### ##..#
§§≈≈§§§§...8###.)#
≈≈≈§≈§§.......††∩#
§≈§§≈§§....8###u@##
§§≈§≈§≈≈...## ##..#
≈≈≈≈≈§≈≈...###
##.4#
≈≈§§≈§§§§§...##
##..#
≈≈≈≈≈§§§§....# #...
≈≈≈≈§§≈≈≈≈...#
#....
§≈≈≈≈§§≈§§≈...#
...#
≈≈≈≈≈§≈≈.≈....# ..#
≈≈≈≈≈§≈......## ###


You could see a red ugly thing and a red devil.

Vanquished Creatures
  Gastronok (Lair:1)
  Snorg (D:10)
  Harold (D:11)
  Sonja (D:11)
  An unseen horror (D:10)
  Pikel (D:4)
  3 hill giants
  An ugly thing (Volcano)
  A black mamba (Lair:2)
  A smoke demon (Volcano)
  2 spiny frogs
  A rime drake (Lair:1)
  A red devil (Volcano)
  A two-headed ogre (D:8)
  A merfolk (D:11)
  4 blink frogs (Lair:1)
  4 hippogriffs
  2 wraiths (D:10)
  A wyvern (D:8)
  5 yaks (D:10)
  6 fire bats (Volcano)
  3 vampire mosquitoes (D:11)
  Menkaure (D:7)
  A mottled dragon (D:11)
  Edmund (D:6)
  6 water moccasins
  A hell hound (Volcano)
  3 porcupines (Lair:1)
  3 orc warriors
  A black bear (D:8)
  3 sky beasts
  2 necrophages
  3 ice beasts
  3 phantoms
  10 ogres
  3 centaurs
  3 crocodiles (Lair:1)
  5 big kobolds
  5 bullfrogs
  3 scorpions
  4 killer bees
  A howler monkey (D:6)
  2 crimson imps
  5 lava snakes (Volcano)
  5 quasits
  A bullfrog zombie (D:9)
  7 hounds
  A centaur skeleton (D:8)
  7 orc priests
  2 bullfrog skeletons
  4 gnoll shamans (D:8)
  3 jellies
  8 worker ants
  Natasha (thrice) (D:3)
  14 orc wizards
  3 hound skeletons (D:7)
  Robin (D:2)
  18 gnolls
  13 adders
  2 shadow imps
  An adder zombie (D:9)
  2 worms
  A dart slug (D:1)
  4 leopard geckos
  38 orcs
  3 giant cockroaches
  19 goblins
  10 hobgoblins
  15 jackals
  20 kobolds
  6 quokkas
  2 ball pythons (D:3)
  6 bats
  8 frilled lizards
  A jackal zombie (D:9)
  A leopard gecko zombie (D:5)
  A quokka skeleton (D:4)
  2 rats (D:1)
  A plant (D:8)
345 creatures vanquished.

Vanquished Creatures (others)
  A worker ant (D:4)
  An adder (D:4)
  An orc (D:4)
  A hobgoblin (D:4)
  5 fungi (D:8)
  2 plants (D:8)
11 creatures vanquished.

Grand Total: 356 creatures vanquished

Notes
Turn   | Place    | Note
-------+----------+-------------------------------------------
     0 | D:1      | MirrMurr the Minotaur Fighter began the quest for the Orb.
     0 | D:1      | Reached XP level 1. HP: 19/19 MP: 0/0
   488 | D:1      | Reached XP level 2. HP: 27/27 MP: 1/1
   519 | D:1      | Reached skill level 3 in Axes
   765 | D:2      | Found a glowing golden altar of the Shining One.
   797 | D:2      | Reached XP level 3. HP: 33/33 MP: 2/2
   854 | D:2      | Reached skill level 4 in Axes
   971 | D:2      | Reached XP level 4. HP: 27/41 MP: 3/3
  1265 | D:2      | Noticed Robin
  1273 | D:2      | Reached skill level 5 in Axes
  1281 | D:2      | Killed Robin
  1867 | D:3      | Found a sacrificial altar of Ru.
  2004 | D:3      | Reached XP level 5. HP: 34/47 MP: 4/4
  2020 | D:3      | Reached skill level 5 in Fighting
  2210 | D:3      | Noticed Natasha
  2216 | D:3      | Killed Natasha
  2216 | D:3      | Reached skill level 6 in Axes
  2316 | D:3      | Noticed Natasha
  2334 | D:3      | Killed Natasha
  2526 | D:3      | Noticed Natasha
  2531 | D:3      | Killed Natasha
  2531 | D:3      | Reached XP level 6. HP: 51/56 MP: 5/5
  2755 | D:4      | Noticed Pikel
  2755 | D:4      | Noticed a slave
  2764 | D:4      | Noticed a slave
  2767 | D:4      | Noticed a slave
  2768 | D:4      | Noticed a slave
  2778 | D:4      | Killed Pikel
  2778 | D:4      | Reached skill level 8 in Axes
  2778 | D:4      | Reached XP level 7. HP: 32/64 MP: 6/6
  3132 | D:4      | Found a staircase to the Ecumenical Temple.
  3138 | Temple   | Entered the Ecumenical Temple
  3338 | D:4      | Reached skill level 9 in Axes
  3680 | D:5      | Entered Level 5 of the Dungeon
  3830 | D:5      | Reached XP level 8. HP: 70/73 MP: 1/7
  4019 | D:5      | Found a hazy altar of Hepliaklqana.
  4375 | D:5      | Reached skill level 10 in Axes
  4494 | D:6      | Found a shimmering altar of Xom.
  4634 | D:6      | Reached skill level 5 in Armour
  4684 | D:6      | Noticed Edmund
  4692 | D:6      | Killed Edmund
  4692 | D:6      | Reached skill level 11 in Axes
  4763 | D:6      | Reached XP level 9. HP: 59/82 MP: 5/8
  4933 | D:6      | You fall through a shaft!
  5007 | D:7      | Noticed Menkaure
  5052 | D:7      | Killed Menkaure
  5300 | D:7      | Reached skill level 12 in Axes
  5720 | D:8      | Found a staircase to the Lair.
  5897 | D:8      | Found an iron altar of Okawaru.
  5932 | D:8      | Found an iron altar of Okawaru.
  5943 | D:8      | Became a worshipper of Warmaster Okawaru
  6168 | D:8      | Reached XP level 10. HP: 75/92 MP: 7/9
  6172 | D:8      | Reached skill level 13 in Axes
  6199 | D:8      | Reached * piety under Okawaru
  6579 | D:8      | Reached skill level 10 in Fighting
  7556 | D:9      | Reached ** piety under Okawaru
  8790 | D:10     | Entered Level 10 of the Dungeon
  8926 | D:10     | Reached skill level 14 in Axes
  8963 | D:10     | Noticed a hill giant
  8994 | D:10     | Killed a hill giant
  8994 | D:10     | Reached *** piety under Okawaru
  9077 | D:10     | Reached XP level 11. HP: 70/102 MP: 10/10
  9439 | D:10     | Noticed Snorg
  9470 | D:10     | Killed Snorg
  9470 | D:10     | Reached **** piety under Okawaru
  9473 | D:10     | shiiiiiiiiit
  9880 | D:10     | Noticed a hill giant
  9888 | D:10     | Killed a hill giant
  9888 | D:10     | Reached skill level 15 in Axes
 10295 | D:11     | Noticed Sonja
 10308 | D:11     | Killed Sonja
 10489 | D:11     | Noticed Harold
 10512 | D:11     | Killed Harold
 10534 | D:11     | Found a shadowy altar of Dithmenos.
 10675 | D:11     | Noticed a hill giant
 10690 | D:11     | Killed a hill giant
 10690 | D:11     | Reached ***** piety under Okawaru
 11269 | D:10     | Noticed an unseen horror
 11279 | D:10     | Killed an unseen horror
 11363 | Lair:1   | Entered Level 1 of the Lair of Beasts
 11363 | Lair:1   | Noticed Gastronok
 11523 | Lair:1   | Killed Gastronok
 11523 | Lair:1   | Received a gift from Okawaru
 11523 | Lair:1   | Reached skill level 5 in Throwing
 11673 | Lair:1   | Reached XP level 12. HP: 88/113 MP: 9/11
 11683 | Lair:1   | Reached skill level 16 in Axes
 11688 | Lair:1   | Reached skill level 10 in Armour
 12203 | Lair:2   | Received a gift from Okawaru
 12209 | Lair:2   | Found a dark tunnel.
 12237 | Volcano  | Entered a volcano
 12341 | Volcano  | Reached ****** piety under Okawaru
 12600 | Volcano  | HP: 3/113 [red ugly thing (18)]
 12600 | Volcano  | Mangled by a red devil

Skill      XL: |  1  2  3  4  5  6  7  8  9 10 11 12 |
---------------+-------------------------------------+-----
Fighting       | 4 5 6 7 8 9 11 12 | 12.8
Axes           | 3 4 5 6 8 9 11 12 14 15 16 | 16.6
Armour         | 5 7 9 10 | 10.6
Throwing       | 5 |  5.2
Shields        | |  3.6

Action                   |  1- 3 |  4- 6 |  7- 9 | 10-12 || total
-------------------------+-------+-------+-------+-------++-------
Melee: War axe           |    60 |   178 |   321 |   668 ||  1227
       Headbutt          |    10 |    22 |    54 |   125 ||   211
 Fire: Blowgun           |       |       |       |     7 ||     7
Throw: Javelin           |       |       |       |     2 ||     2
       Throwing net      |       |       |       |     2 ||     2
Invok: Heroism           |       |       |       |     9 ||     9
       Finesse           |       |       |       |     1 ||     1
Evoke: Wand              |       |       |       |     2 ||     2
       Fan of gales      |       |       |       |     1 ||     1
  Use: Scroll            |     2 |     5 |     7 |    13 ||    27
       Potion            |       |       |     2 |     7 ||     9
 Stab: Held in net/web   |       |       |       |     1 ||     1
  Eat: Chunk             |       |     6 |    12 |    16 ||    34
       Bread ration      |       |       |       |     1 ||     1
Armor: Scale mail        |    14 |    71 |    11 |       ||    96
       Plate armour      |       |       |   166 |   331 ||   497
Dodge: Dodged            |    15 |    43 |    48 |   104 ||   210
Block: Shield            |    28 |   103 |   130 |   314 ||   575
